 Dungeon Crawl Stone Soup version 0.29.1-13-g9f3cf754e1 (webtiles) character file.

Game seed: 15777509507232627227

13974 hawla the Thaumaturge (level 12, -1/132 HPs)
             Began as a Meteoran Fire Elementalist on Jan 20, 2023.
             Was a Believer of Vehumet.
             Succumbed to a cane toad's poison
             ... on level 4 of the Lair of Beasts.
             The game lasted 00:32:55 (7139 turns).

hawla the Thaumaturge (Meteoran Fire Elementalist)  Turns: 7139, Time: 00:32:56

Health: -1/132     AC: 26    Str: 10    XL:     12   Next: 72%
Magic:  27/29      EV:  2    Int: 21    God:    Vehumet [**....]
Gold:   247        SH:  0    Dex: 16    Spells: 16/36 levels left

rFire   . . .      SeeInvis .   x - +3 falchion (protect)
rCold   . . .      Faith    .   (no shield)
rNeg    . . .      Spirit   .   (body armour currently unavailable)
rPois   +          Reflect  .   (helmet currently unavailable)
rElec   .          Harm     .   (cloak currently unavailable)
rCorr   .          Rampage  .   (gloves currently unavailable)
Will    +....      NoTele   +   (boots currently unavailable)
Stlth   +.........              k - amulet of regeneration
HPRegen 1.12/turn               (no ring)
MPRegen 0.21/turn               (no ring)

@: lethally poisoned (-1 -> -11), tree-form, glowing
A: stationary, stasis, torment immunity, boosted hp, sense surroundings 2,
otherworldly, glowing, explore regen
a: Renounce Religion


You were on level 4 of the Lair of Beasts.
You worshipped Vehumet.
Vehumet was pleased with you.
You were a tree.
You visited 3 branches of the dungeon, and saw 13 of its levels.
You also visited: Sewer and Bailey.

You collected 534 gold pieces.
You spent 287 gold pieces at shops.

Inventory:

Hand Weapons
 x - a +3 falchion of protection (weapon)
Armour
 a - a +1 robe (melded)
 b - a +0 pair of boots (melded)
 h - a +0 helmet (melded)
 o - a +0 cloak (melded)
Jewellery
 k - an amulet of regeneration (around neck)
Wands
 p - a wand of charming (16) (quivered)
 r - a wand of polymorph (4)
 w - a wand of digging (8)
 A - a wand of quicksilver (5)
 B - a wand of flame (5)
Scrolls
 d - 7 scrolls of teleportation
 t - a scroll of blinking
 v - a scroll of fog
 y - a scroll of vulnerability
 C - a scroll of enchant weapon
Potions
 c - 3 potions of lignification
 e - 3 potions of flight
 f - 5 potions of brilliance
 g - a potion of curing
 i - 2 potions of magic
 j - 3 potions of haste {unknown}
 l - 7 potions of might
 m - 2 potions of mutation
 n - 2 potions of invisibility {unknown}
 q - 3 potions of attraction {unknown}
 s - 2 potions of cancellation {unknown}
 u - 2 potions of resistance {unknown}
 D - a potion of ambrosia


   Skills:
 - Level 2.5 Fighting
 + Level 5.7 Long Blades
 - Level 4.3 Dodging
 - Level 1.4 Stealth
 - Level 12.7 Spellcasting
 - Level 8.2 Conjurations
 - Level 3.9 Necromancy
 - Level 8.2 Transmutations
 - Level 11.3 Fire Magic
 - Level 3.8 Ice Magic
 - Level 4.2 Air Magic
 - Level 3.0 Evocations


You had 16 spell levels left.
You knew the following spells:

 Your Spells              Type           Power      Damage    Failure   Level
a - Foxfire               Conj/Fire      100%       2x1d9     1%          1
b - Scorch                Fire           100%       2d10      1%          2
c - Flame Wave            Conj/Fire      53%        2d13      1%          4
d - Vampiric Draining     Necr           29%        2d8       3%          3
e - Irradiate             Conj/Tmut      23%        3d19      4%          5
f - Freezing Cloud        Conj/Ice/Air   18%        6-21      14%         5

Your spell library contained the following spells:

 Spells                   Type           Power      Damage    Failure   Level
 Shock                    Conj/Air       100%       1d9       1%          1
 Sublimation of Blood     Necr           29%        N/A       1%          2
 Conjure Flame            Conj/Fire      53%        6-21      1%          3
 Ignite Poison            Fire/Tmut/Pois 40%        N/A       1%          3
 Inner Flame              Hex/Fire       37%        N/A       1%          3
 Sticky Flame             Conj/Fire      53%        2d7       1%          4
 Mephitic Cloud           Conj/Pois/Air  30%        N/A       2%          3
 Slow                     Hex            52%        N/A       4%          1
 Blade Hands              Tmut           23%        N/A       4%          5
 Petrify                  Tmut/Erth      30%        N/A       9%          4
 Confusing Touch          Hex            13%        N/A       14%         3
 Animate Armour           Summ/Erth      26%        N/A       43%         4
 Iron Shot                Conj/Erth      15%        9d4       80%         6


Dungeon Overview and Level Annotations

Branches:
Dungeon (9/15) Zot: 96     Temple (1/1) D:7 Zot: 456    Lair (2/5) D:9 Zot: 696
 Spider (0/4) Lair:2        Sewer (visited)          Bailey (visited)
  Swamp: Lair:2-3    Shoals: Lair:2-3       Orc: D:9-12

Altars:
Ashenzari
Cheibriados
Dithmenos
Fedhas
Gozag
Hepliaklqana
Kikubaaqudgha
Makhleb
Nemelex Xobeh
Okawaru
Qazlal
Ru
Sif Muna
Trog
Vehumet
Wu Jian
Xom
Yredelemnul
Zin
The Shining One

Shops:
D:9 *

Annotations:
D:8 3 runed translucent doors


Innate Abilities, Weirdness & Mutations

You are a tree.
Your roots penetrate the ground, keeping you stationary.
You cannot be teleported.
You are immune to unholy pain and torment.
Your maximum health is greatly increased.
Your equipment is partially melded.
You passively map the area around you.
You are easily found by Zot.
You glow in the dark.
You regain HP and MP as you explore.


Message History

The flame wave engulfs the blink frog!
The blink frog is severely wounded.
The blink frog blinks!
The blink frog hits you!
* * * LOW HITPOINT WARNING * * *
The blink frog hits you!
* * * LOW HITPOINT WARNING * * *
The blink frog blinks!
Really quaff the potion of lignification?
You turn into a tree.
Your +0 cloak melds into your body.
Your +0 helmet melds into your body.
Your +0 pair of boots melds into your body.
Your +1 robe melds into your body.
Your roots penetrate the ground.
You feel better. Magic courses through your body.
The cane toad stings you but does no damage.
The blink frog completely misses you. The blink frog hits you!
* * * LOW HITPOINT WARNING * * *
The blink frog blinks!
Casting: Flame Wave (mildly dangerous; 1% risk of failure)
Confirm with . or Enter, or press ? or * to list all spells.
Casting: Flame Wave (mildly dangerous; 1% risk of failure)
Press: ? - help, Dir - look around, f - activate A wave of flame ripples out!
The flame wave engulfs the blink frog!
The blink frog is severely wounded.
The flame wave engulfs the cane toad!
The cane toad is heavily wounded. (Press . to intensify the flame waves.)
You hear a loud, deep croak!
The blink frog hits you.
* * * LOW HITPOINT WARNING * * *
The cane toad stings you!
* * * LOW HITPOINT WARNING * * *
You are lethally poisoned!
The cane toad poisons you!
A wave of flame ripples out!
The flame wave engulfs the blink frog!!
You kill the blink frog!
Vehumet accepts your kill.
You feel your power returning.
The flame wave engulfs the cane toad!!
The cane toad is almost dead.
You die...

, ,... ####.#P...## ,
, ,..###..#.##....# *
* * * ..#......#....##
, , , *
,#...........#.# , *
#......##....< ,,* ,
#......##...# ,
...#.....##†..# ** ,,
............†..## * ,,
...........♣†...# * ,
...........F.†.......
,,
,............†........
,,, ,
.......[..F..†.......
, , ,
.....................
, ,
,.....................
, , ,
..#P#####..#...###.. ,
* * *###.....* .P , *
, , * * ,,


You could see a cane toad and a blink frog.

Vanquished Creatures
  A two-headed ogre (Bailey)
  The ghost of booth the Cutter, a novice DrTm of Qazlal (D:9)
  8 cane toads
  A hornet (D:8)
  A troll (D:9)
  7 blink frogs (Lair:4)
  A shadow (D:9)
  3 spriggans (Bailey)
  Eustachio (D:5)
  A wyvern (D:8)
  12 yaks
  2 basilisks (Lair:2)
  Menkaure (D:7)
  An acid dragon (Bailey)
  5 water moccasins
  Duvessa (D:7)
  5 ice beasts
  5 ogres (Bailey)
  An orc warrior (D:9)
  3 centaurs
  16 wolves
  2 phantoms (D:6)
  Blork the orc (D:6)
  2 kobold brigands (Sewer)
  4 bullfrogs
  A gnoll sergeant (D:9)
  5 scorpions
  2 necrophages
  4 wights (D:9)
  Dowan (D:7)
  5 killer bees (D:8)
  A howler monkey (D:5)
  4 electric eels
  Crazy Yiuf (D:7)
  6 hounds
  3 jellies
  2 orc priests
  6 iguanas
  6 orc wizards
  12 gnolls
  13 adders
  6 river rats (Sewer)
  2 ufetubi (D:4)
  2 worms
  23 orcs
  3 endoplasms
  3 giant cockroaches
  2 goblins
  4 hobgoblins
  4 jackals (D:1)
  4 quokkas
  8 ball pythons
  3 bats (D:2)
  2 frilled lizards (Sewer)
  18 kobolds
  23 rats
265 creatures vanquished.

Vanquished Creatures (collateral kills)
  4 foxfires
4 creatures vanquished.

Vanquished Creatures (others)
  A demonic plant (D:2)
  379 foxfires
  6 fungi
  14 plants
  3 withered plants
403 creatures vanquished.

Grand Total: 672 creatures vanquished

Notes
Turn   | Place    | Note
-------+----------+-------------------------------------------
     0 | D:1      | hawla the Meteoran Fire Elementalist began the quest for
                  | the Orb.
     0 | D:1      | Reached XP level 1. HP: 14/14 MP: 5/5
    44 | D:1      | Reached XP level 2. HP: 19/20 MP: 0/6
    47 | D:1      | Learned a level 2 spell: Scorch
    99 | D:1      | Reached skill level 3 in Spellcasting
   178 | D:2      | Reached XP level 3. HP: 26/26 MP: 4/8
   271 | D:2      | Found a faded altar of an unknown god.
   478 | D:3      | Found an iron altar of Okawaru.
   534 | D:4      | Noticed a scorpion
   543 | D:4      | Reached XP level 4. HP: 33/33 MP: 1/9
   562 | D:4      | Reached skill level 5 in Fire Magic
   562 | D:4      | Reached XP level 5. HP: 10/38 MP: 0/11
   567 | D:4      | Learned a level 4 spell: Flame Wave
   858 | D:4      | Reached XP level 6. HP: 31/45 MP: 5/12
  1062 | D:5      | Entered Level 5 of the Dungeon
  1066 | D:5      | Noticed a centaur
  1070 | D:5      | Killed a centaur
  1071 | D:5      | Reached skill level 5 in Conjurations
  1071 | D:5      | Reached skill level 4 in Spellcasting
  1086 | D:5      | Noticed a water moccasin
  1090 | D:5      | Killed a water moccasin
  1091 | D:5      | Reached XP level 7. HP: 50/50 MP: 8/14
  1171 | D:5      | Reached skill level 5 in Spellcasting
  1196 | D:5      | Reached XP level 8. HP: 47/58 MP: 9/17
  1362 | D:5      | Reached skill level 6 in Spellcasting
  1671 | D:5      | Identified the +8 hand axe "Ykhecsak" {holy, rF- Int+5
                  | Dex+6}
  1706 | D:5      | Noticed Eustachio
  1714 | D:5      | Killed Eustachio
  1786 | D:5      | Found a shimmering altar of Xom.
  1856 | D:5      | Reached skill level 7 in Spellcasting
  1879 | D:5      | Gained mutation: You passively map the area around you.
                  | [Meteoran growth]
  1879 | D:5      | Reached XP level 9. HP: 63/63 MP: 17/20
  2052 | D:6      | Noticed Blork the orc
  2055 | D:6      | Killed Blork the orc
  2056 | D:6      | Reached skill level 1 in Fighting
  2100 | D:6      | Reached skill level 8 in Spellcasting
  2474 | D:6      | Found a glowing drain.
  2489 | D:6      | Reached skill level 9 in Spellcasting
  2494 | Sewer    | Entered a sewer
  3290 | D:7      | Reached skill level 1 in Evocations
  3463 | D:7      | Reached XP level 10. HP: 71/71 MP: 19/24
  3475 | D:7      | Learned a level 3 spell: Vampiric Draining
  3574 | D:7      | Reached skill level 1 in Necromancy
  3704 | D:7      | Found a runed translucent door.
  3705 | D:7      | Noticed Crazy Yiuf
  3711 | D:7      | Killed Crazy Yiuf
  3768 | D:7      | Noticed Menkaure
  3775 | D:7      | Killed Menkaure
  3805 | D:7      | Found a flagged portal.
  3818 | D:7      | Found a staircase to the Ecumenical Temple.
  3825 | Temple   | Entered the Ecumenical Temple
  3938 | Temple   | Became a worshipper of Vehumet
  3973 | D:7      | Noticed Dowan
  3978 | D:7      | Noticed Duvessa
  3982 | Bailey   | Entered a bailey
  4001 | Bailey   | Reached skill level 10 in Spellcasting
  4037 | Bailey   | Noticed a two-headed ogre
  4041 | Bailey   | Killed a two-headed ogre
  4042 | Bailey   | Reached skill level 11 in Spellcasting
  4045 | Bailey   | HP: 1/71 [acid dragon/splash of acid (23)]
  4047 | Bailey   | Reached skill level 10 in Fire Magic
  4163 | D:7      | Killed Duvessa
  4164 | D:7      | Killed Dowan
  4287 | D:8      | Reached XP level 11. HP: 57/78 MP: 22/27
  4323 | D:8      | Reached skill level 12 in Spellcasting
  4394 | D:8      | Reached * piety under Vehumet
  4394 | D:8      | Offered knowledge of Freeze by Vehumet.
  4516 | D:8      | Found an ornate altar of the Wu Jian Council.
  4564 | D:8      | Found a glowing silver altar of Zin.
  4612 | D:8      | Found a runed translucent gate.
  4613 | D:8      | Found a runed translucent gate.
  4613 | D:8      | Found a runed translucent gate.
  4614 | D:8      | Noticed a glowing orange brain
  4614 | D:8      | Noticed a cyan ugly thing
  4614 | D:8      | Noticed a cyan ugly thing
  4614 | D:8      | Noticed a purple ugly thing
  4615 | D:8      | Noticed a white ugly thing
  4615 | D:8      | Noticed a cyan ugly thing
  4800 | D:8      | Found a sparkling altar of Nemelex Xobeh.
  4807 | D:8      | Found a burning altar of Makhleb.
  4815 | D:8      | Found a shimmering blue altar of Sif Muna.
  4822 | D:8      | Found a bloodstained altar of Trog.
  4830 | D:8      | Found an opulent altar of Gozag.
  4837 | D:8      | Found a glowing golden altar of the Shining One.
  4842 | D:8      | Found a basalt altar of Yredelemnul.
  5390 | D:9      | Found Xioges's CLEARANCE SALE!.
  5394 | D:9      | Bought a scroll of identify for 14 gold pieces
  5394 | D:9      | Bought a scroll of teleportation for 21 gold pieces
  5394 | D:9      | Bought a book of Iron for 252 gold pieces
  5400 | D:9      | Learned a level 5 spell: Irradiate
  5432 | D:9      | Reached skill level 1 in Transmutations
  5596 | D:9      | Found a staircase to the Lair.
  5981 | D:9      | Found a runed translucent door.
  5981 | D:9      | Noticed booth's ghost (novice DrTm)
  6001 | D:9      | Killed booth's ghost
  6001 | D:9      | Offered knowledge of Shock by Vehumet.
  6002 | D:9      | Reached skill level 5 in Transmutations
  6054 | D:9      | Glimpsed the power of Zot.
  6058 | Lair:1   | Entered Level 1 of the Lair of Beasts
  6106 | Lair:1   | Reached ** piety under Vehumet
  6273 | Lair:1   | Reached XP level 12. HP: 20/88 MP: 19/29
  6358 | Lair:1   | Learned a level 5 spell: Freezing Cloud
  6417 | Lair:2   | Reached skill level 1 in Ice Magic
  6417 | Lair:2   | Reached skill level 1 in Air Magic
  6558 | Lair:2   | Found a hole to the Spider Nest.
  7093 | Lair:2   | You fall into a shaft and drop 2 floors!
  7109 | Lair:4   | Reached skill level 1 in Long Blades
  7132 | Lair:4   | Reached skill level 5 in Long Blades
  7138 | Lair:4   | HP: 3/132 [cane toad (7)]
  7139 | Lair:4   | Succumbed to a cane toad's poison

Illustrated notes

Levels and vault maps discovered:
D:1:      pf_arrival_petrified_forest, layout_basic, hangedman_decor_slide_cut
D:2:      layout_loops_ring, shapermc_ecumenical_altar_gd
D:3:      layout_basic, okawaru_gym_becter, nicolae_elyvilon_temple_path,
          serial_shops, shop, dk_noncrumbling_3, minmay_stone_trees_small,
          uniq_terence, uniq_ijyb
D:4:      layout_basic, kennysheep_generic_room_3
D:5:      layout_gridville, mainiacjoe_overflow_alcove_2, saegor_snake_ambush,
          uniq_eustachio
D:6:      layout_loops_ring, cheibrodos_sewer_entry_drain,
          serial_bayou_crossing, uniq_blork_the_orc
D:7:      layout_loops_corners, minmay_temple_entry_enclosed_plants,
          enter_bailey_2, uniq_duvessa, uniq_crazy_yiuf_cottage, uniq_menkaure
D:8:      layout_basic, grunt_temple_overflow_octagram,
          mainiacjoe_overflow_catch_the_wave,
          ploomutoo_gammafunk_ghost_potion_laboratory
D:9:      layout_loops_corners, erik_lair_island, gammafunk_ghost_grave,
          skrybe_limestone_x, nicolae_shop_clearance
Temple:   kb_temple_of_zot
Lair:1:   layout_gridlike, dreamdust_mushroom_princess, grunt_megastairs_3,
          serial_bayou_shore_b, lemuel_fruit_tree
Lair:2:   layout_long_grid, dummy_spider_entry, grunt_forest_stairs_basic,
          serial_bayou_shore_a
Lair:4:   layout_regular_city, nicolae_slime_entry_slimehenge,
          grunt_megastairs_2

Skill      XL: |  1  2  3  4  5  6  7  8  9 10 11 12 |
---------------+-------------------------------------+-----
Fire Magic     | 4 5 6 8 9 10 11 | 11.3
Spellcasting   | 3 4 5 7 9 11 12 | 12.7
Conjurations   | 2 4 5 6 7 8 |  8.2
Dodging        | 3 4 |  4.3
Fighting       | 1 2 |  2.5
Evocations     | 2 3 |  3.0
Necromancy     | 3 |  3.9
Transmutations | 7 8 |  8.2
Ice Magic      | 3 |  3.8
Air Magic      | 4 |  4.2
Long Blades    | 5 |  5.7
Stealth        | |  1.4

Action                   |  1- 3 |  4- 6 |  7- 9 | 10-12 || total
-------------------------+-------+-------+-------+-------++-------
Melee: Unarmed           |    18 |     2 |     3 |       ||    23
       Punch             |     1 |       |       |       ||     1
       Falchion          |       |       |       |    33 ||    33
 Cast: Foxfire           |    43 |    29 |    77 |    72 ||   221
       Scorch            |     6 |    15 |    57 |    71 ||   149
       Flame Wave        |       |     1 |    14 |    28 ||    43
       Irradiate         |       |       |       |     4 ||     4
       Vampiric Draining |       |       |       |     6 ||     6
       Freezing Cloud    |       |       |       |     8 ||     8
  Use: Scroll            |     6 |     3 |     4 |     8 ||    21
       Potion            |       |     1 |       |     8 ||     9
Armor: Robe              |    11 |     2 |    11 |    45 ||    69
       Skin              |       |       |       |     1 ||     1
Dodge: Dodged            |    19 |     3 |    19 |   108 ||   149
